 Dungeon Crawl Stone Soup version 0.20-a0-433-g9e36e56 (webtiles) character file.

123 Amnesiac the Vexing (level 4, -7/30 HPs)
             Began as a Mummy Enchanter on Jan 5, 2017.
             Mangled by an iguana (9 damage)
             ... on level 4 of the Dungeon.
             The game lasted 00:03:10 (1249 turns).

Amnesiac the Vexing (Mummy Enchanter)               Turns: 1249, Time: 00:03:10

Health: -7/30      AC:  2    Str: 11    XL:     4   Next: 80%
Magic:  0/8        EV: 12    Int: 15    God:
Gold:   18         SH:  0    Dex: 14    Spells: 2/9 levels left

rFire  x . .     SeeInvis .     e - +7 rapier "Doacwe" {flame, Dex+2}
rCold  + . .     Gourm    .     b - +0 robe
rNeg   + + +     Faith    .     (no shield)
rPois  ∞         Spirit   .     (no helmet)
rElec  .         Reflect  .     (no cloak)
rCorr  .         Harm     .     (no gloves)
MR     .....                    (no boots)
Stlth  ++........               d - amulet of rage
                                (no ring)
                                (no ring)

@: very slightly contaminated
A: no food or potions, fire vulnerability, cold resistance 1, negative energy
resistance 3, torment resistance, unbreathing
a: no special abilities


You were on level 4 of the Dungeon.
You were not hungry.

You visited 2 branches of the dungeon, and saw 5 of its levels.

You collected 18 gold pieces.

Inventory:

Hand Weapons
 e - the +7 rapier "Doacwe" (weapon) {flame, Dex+2}
   (You found it on level 4 of the Dungeon)

   It has been specially enchanted to burn those struck by it, causing extra
   injury to most foes and up to half again as much damage against particularly
   susceptible opponents.
   It affects your dexterity (+2).
Armour
 b - a +0 robe (worn)
Jewellery
 d - an amulet of rage (around neck)
Scrolls
 a - a scroll of identify {unknown}
Books
 c - a book of Maledictions

   Spells                             Type                      Level
   a - Corona                         Hexes                        1
   b - Ensorcelled Hibernation        Hexes/Ice                    2
   c - Confuse                        Hexes                        3
   d - Tukima's Dance                 Hexes                        3
   e - Dazzling Spray                 Conjuration/Hexes            3


   Skills:
 + Level 2.8 Short Blades
 - Level 1.6 Dodging
 - Level 2.4 Stealth
 - Level 3.1 Spellcasting
 - Level 3.6 Hexes


You had 2 spell levels left.
You knew the following spells:

 Your Spells              Type           Power        Failure   Level  Hunger
e - Confuse               Hex            ##......     17%         3    N/A
f - Corona                Hex            ##.....      6%          1    N/A
w - Tukima's Dance        Hex            ##......     17%         3    N/A

Dungeon Overview and Level Annotations

Branches:
Dungeon (4/15)             Temple (1/1) D:4

Altars:
Elyvilon
Fedhas
Gozag
Kikubaaqudgha
Nemelex Xobeh
Okawaru
Qazlal
Ru
Yredelemnul


Innate Abilities, Weirdness & Mutations

You do not eat or drink.
Your flesh is vulnerable to fire.
You are immune to poison.
Your flesh is cold resistant. (rC+)
You are immune to negative energy. (rN+++)
You are immune to unholy pain and torment.
You can survive without breathing.


Message History

Aiming: Confuse
Press: ? - help, Shift-Dir - straight line, f/p - iguana
Aim: an iguana (chance to defeat MR: 52%)
You miscast Confuse.
You are very lightly contaminated with residual magic.
Strange energies run through your body. The iguana bites you.
Casting: Confuse
Confirm with . or Enter, or press ? or * to list all spells.
Aiming: Corona
Press: ? - help, Shift-Dir - straight line, f/p - iguana
Aim: an iguana (chance to defeat MR: 58%)
The iguana is outlined in light.
The iguana closely misses you.
You puncture the iguana! You burn the iguana.
The iguana is severely wounded.
The iguana bites you!
* * * LOW HITPOINT WARNING * * *
You hit the iguana but do no damage.
The iguana is severely wounded.
The iguana bites you!
You die...

.!....#
......###########
................##
......#########..#
...#### # ##.#
...# ##8# #.# ##.#
8..!8##.# #.#
.....##l#
....._#@#
.....#### 8...8##
##8## ##


You could see an iguana.

Vanquished Creatures
  A bullfrog (D:4)
  A hound skeleton (D:4)
  2 adders
  A gnoll (D:3)
  2 orcs (D:3)
  3 giant cockroaches
  2 hobgoblins
  2 jackals (D:4)
  A bat (D:3)
  2 frilled lizards
  2 kobolds (D:1)
  2 rats
21 creatures vanquished.

Notes
Turn   | Place    | Note
-------+----------+-------------------------------------------
     0 | D:1      | Amnesiac the Mummy Enchanter began the quest for the Orb.
     0 | D:1      | Reached XP level 1. HP: 13/13 MP: 4/4
   620 | D:4      | Found a sparkling altar of Nemelex Xobeh.
   630 | D:4      | Reached XP level 2. HP: 16/19 MP: 3/5
   715 | D:4      | Got an iridescent rapier
   716 | D:4      | Identified the +7 rapier "Doacwe" {flame, Dex+2} (You found it on level 4 of the Dungeon)
  1002 | D:3      | Reached XP level 3. HP: 17/24 MP: 4/7
  1043 | D:3      | Learned a level 3 spell: Tukima's Dance
  1047 | D:3      | Learned a level 3 spell: Confuse
  1075 | D:4      | Noticed a bullfrog
  1088 | D:4      | Reached skill level 1 in Short Blades
  1093 | D:4      | Found a blossoming altar of Fedhas.
  1120 | D:4      | Found a staircase to the Ecumenical Temple.
  1124 | Temple   | Entered the Ecumenical Temple
  1177 | D:4      | Killed a bullfrog
  1177 | D:4      | Reached XP level 4. HP: 15/30 MP: 6/8
  1241 | D:4      | Found a stormy altar of Qazlal.
  1249 | D:4      | Mangled by an iguana

Vault maps used:
D:1:      wheals_arrival_linesprint, minmay_tripent
D:2:      lemuel_doored_altar, chequers_ecumenical_altar_island, first_bread,
          uniq_jessica, uniq_crazy_yiuf_cottage
D:4:      nemelex_xobeh_ov_fountains_minmay, nicolae_overflow_hidden_temple,
          fedhas_altar_1
Temple:   cyrus_circular_temple

Skill      XL: |  1  2  3 |
---------------+----------+-----
Hexes          | 3 |  3.6
Spellcasting   | 3 |  3.1
Short Blades   | 2 |  2.8
Dodging        | |  1.6
Stealth        | |  2.4

Action                   |  1- 3 |  4- 6 || total
-------------------------+-------+-------++-------
Melee: Dagger            |    39 |       ||    39
       Rapier            |    27 |     2 ||    29
 Cast: Corona            |    15 |     1 ||    16
       Confuse           |       |     2 ||     2
  Use: Scroll            |       |     1 ||     1
 Stab: Sleeping          |     3 |       ||     3
Armor: Robe              |    10 |       ||    10
Dodge: Dodged            |    48 |     2 ||    50
